 Dungeon Crawl Stone Soup version 0.28-a0-1616-g050a50673c (webtiles) character file.

Game seed: 7977845964323490444

240 grumblor the Covert (level 6, -3/41 HPs)
             Began as an Octopode Brigand on Jan 22, 2022.
             Slain by a black bear (8 damage)
             ... on level 4 of the Dungeon.
             The game lasted 00:04:42 (3466 turns).

grumblor the Covert (Octopode Brigand)              Turns: 3466, Time: 00:04:43

Health: -3/41      AC:  1    Str: 10    XL:     6   Next: 8%
Magic:  8/8        EV: 13    Int: 14    God:
Gold:   87         SH:  5    Dex: 15    Spells: 7/7 levels left

rFire   . . .      SeeInvis .   a - +2 dagger
rCold   . . .      Faith    .   f - +1 buckler
rNeg    . . .      Spirit   .   (helmet restricted)
rPois   .          Reflect  .   (no amulet)
rElec   .          Harm     .   (no ring)
rCorr   .          Rampage  .   (no ring)
Will    .....                   (no ring)
Stlth   +++++.....              (no ring)
HPRegen 0.13/turn               (no ring)
MPRegen 0.11/turn               (no ring)
                                (no ring)
                                (no ring)

@: no status effects
A: almost no armour, amphibious, 8 rings, camouflage 1, gelatinous body 1,
(nimble swimmer 1), tentacles
a: no special abilities


You were on level 4 of the Dungeon.
You visited 1 branch of the dungeon, and saw 4 of its levels.
You also visited: Sewer.

You collected 87 gold pieces.

Inventory:

Hand Weapons
 a - a +2 dagger (weapon)
Missiles
 b - 22 poisoned darts (quivered)
 c - a curare-tipped dart
 i - 5 atropa-tipped darts
Armour
 f - a +1 buckler (worn)
Magical Staves
 k - a staff of air
Potions
 d - a potion of brilliance
 e - a potion of berserk rage
 g - 2 potions of might
 h - 2 potions of haste {unknown}
 j - 3 potions of heal wounds {unknown}


   Skills:
 * Level 2.8 Fighting
 - Level 2.0 Short Blades
 - Level 2.0 Throwing
 * Level 2.1 Dodging
 * Level 8.3 Stealth
 * Level 1.2 Shields
 * Level 1.4 Spellcasting


You had 7 spell levels left.
You didn't know any spells.
Your spell library contained the following spells:

 Spells                   Type           Power      Damage    Failure   Level
 Cause Fear               Hex            0%         N/A       97%         4
 Dragon Form              Tmut           0%         N/A       100%        7
 Dragon's Call            Summ           0%         N/A       100%        9


Dungeon Overview and Level Annotations

Branches:
Dungeon (4/15)              Sewer (visited)
 Temple: D:4-7

Altars:
Xom


Innate Abilities, Weirdness & Mutations

You cannot wear most types of armour.
You are amphibious.
You can wear up to eight rings at the same time.
Your skin changes colour to match your surroundings (Stealth+).
Your rubbery body absorbs attacks. (AC +1, EV +1)
((You are camouflaged when in or above water. (Stealth+)))
You have tentacles for arms and can constrict up to eight enemies at once.


Message History

You hit the black bear but do no damage.
Your grab misses the black bear.
The black bear is heavily wounded.
You block the black bear's attack. The black bear barely misses you. x2
Throw: 26 darts (poison)
Press: ? - help, Q - select action, (/) - cycle Shift-Dir - straight line, f/p - black bear
Aim: a black bear (severely wounded, very poisoned, slow, 68% to hit)
You throw a poisoned dart. The poisoned dart hits the black bear.
The black bear looks even sicker.
The black bear is severely wounded.
The black bear shakes off its lethargy.
The black bear goes berserk!
Throw: 25 darts (poison)
Press: ? - help, Q - select action, (/) - cycle Shift-Dir - straight line, f/p - black bear
Aim: a black bear (severely wounded, berserk, very poisoned, 68% to hit)
You throw a poisoned dart.
The poisoned dart completely misses the black bear.
The black bear closely misses you. The black bear claws you.
The black bear barely misses you. The black bear misses you.
The black bear closely misses you. x2
The black bear closely misses you. The black bear barely misses you. x2
Throw: 24 darts (poison)
Press: ? - help, Q - select action, (/) - cycle Shift-Dir - straight line, f/p - black bear
Aim: a black bear (severely wounded, berserk, very poisoned, 68% to hit)
You throw a poisoned dart.
The poisoned dart barely misses the black bear.
The black bear bites you! The black bear claws you! The black bear misses you.
Throw: 23 darts (poison)
Press: ? - help, Q - select action, (/) - cycle Shift-Dir - straight line, f/p - black bear
Aim: a black bear (severely wounded, berserk, very poisoned, 68% to hit)
You throw a poisoned dart. The poisoned dart hits the black bear.
The black bear looks even sicker.
The black bear is severely wounded.
The black bear bites you. The black bear claws you.
* * * LOW HITPOINT WARNING * * *
The black bear claws you!
* * * LOW HITPOINT WARNING * * *
You block the black bear's attack. x2; The black bear closely misses you.
Found a stone staircase leading down.
The black bear bites you!
You die...

. ...# .# ....# #.
...>.# #.##......
#..+.... #..#...
##...#.###.
.####..@.#.....
.......h.......
...##............
...#.....(.......
...#.......#####.
(..............#
...#...........+
...............+##
.................#


You could see a black bear (berserk, very poisoned).

Vanquished Creatures
  A kobold brigand (Sewer)
  3 river rats (Sewer)
  8 adders
  A dart slug (D:3)
  2 orcs (D:3)
  4 endoplasms (D:2)
  2 giant cockroaches
  6 hobgoblins
  3 jackals
  6 quokkas
  9 ball pythons
  3 bats
  5 frilled lizards
  10 goblins
  5 kobolds
  10 rats
78 creatures vanquished.

Vanquished Creatures (others)
  2 plants (Sewer)
2 creatures vanquished.

Grand Total: 80 creatures vanquished

Notes
Turn   | Place    | Note
-------+----------+-------------------------------------------
     0 | D:1      | grumblor the Octopode Brigand began the quest for the Orb.
     0 | D:1      | Reached XP level 1. HP: 14/14 MP: 1/1
   126 | D:1      | Reached XP level 2. HP: 19/19 MP: 2/2
   304 | D:1      | Reached skill level 6 in Stealth
   856 | D:2      | Reached XP level 3. HP: 18/24 MP: 3/3
  1279 | D:2      | Found a shimmering altar of Xom.
  1821 | D:3      | Reached XP level 4. HP: 30/30 MP: 5/5
  1822 | D:3      | Found a glowing drain.
  1842 | Sewer    | Entered a sewer
  1908 | Sewer    | Reached skill level 7 in Stealth
  1908 | Sewer    | Reached skill level 1 in Spellcasting
  2138 | Sewer    | Reached XP level 5. HP: 35/35 MP: 6/6
  2171 | Sewer    | Noticed a kobold brigand
  2203 | Sewer    | Killed a kobold brigand
  2204 | Sewer    | Reached skill level 1 in Shields
  2300 | Sewer    | Reached skill level 8 in Stealth
  2964 | D:3      | Reached XP level 6. HP: 41/41 MP: 8/8
  3446 | D:4      | Noticed a black bear
  3466 | D:4      | Slain by a black bear

Illustrated notes

Levels and vault maps discovered:
D:1:      shiori_arrival_oz, layout_basic, palyth_stone_intersect
D:2:      layout_basic, basic_altar, nicolae_figureground_pulse
D:3:      layout_basic, gup_sewer_entry_pipe, serial_curves, eino_curves_01,
          eino_curves_03, eino_curves_04
D:4:      layout_basic, makhleb_heckhound_becter, uniq_sigmund

Skill      XL: |  1  2  3  4  5 |
---------------+----------------+-----
Stealth        | 6 7 8 |  8.3
Spellcasting   | 1 |  1.4
Shields        | 1 |  1.2
Dodging        | 2 |  2.1
Fighting       | |  2.8
Short Blades   | |  2.0
Throwing       | |  2.0

Action                   |  1- 3 |  4- 6 || total
-------------------------+-------+-------++-------
Melee: Dagger            |    61 |    78 ||   139
       Constrict         |    13 |    15 ||    28
       Tentacles         |     9 |    13 ||    22
       Punch             |     1 |     2 ||     3
Throw: Dart              |       |     5 ||     5
  Use: Scroll            |     6 |     5 ||    11
 Stab: Sleeping          |    16 |    14 ||    30
       Distracted        |       |     1 ||     1
Armor: Skin              |     3 |     9 ||    12
Dodge: Dodged            |    13 |    36 ||    49
Block: Buckler           |     7 |    16 ||    23

Table legend: (Time is in decaauts)
 A = Elapsed time spent in this place.
 B = Non-inter-level travel time spent in this place.
 C = Inter-level travel time spent in this place.
 D = Time resting spent in this place.
 E = Time spent auto-exploring this place.
 F = Levels seen in this place.
 G = Mean time per level.
                   A        B        C        D        E       F      G
               +--------+--------+--------+--------+--------+-----+--------+
         Total |   3458 |   3431 |     27 |    697 |   2197 |   5 |  691.6 |
       Dungeon |   2608 |   2581 |     27 |    286 |   1913 |   4 |  652.0 |
         Sewer |    850 |    850 |      0 |    411 |    284 |   1 |  850.0 |
               +--------+--------+--------+--------+--------+-----+--------+

Top non-repeatable levels by time:
     D:3: 1002 daAuts
     D:2: 926 daAuts
   Sewer: 850 daAuts
     D:1: 659 daAuts
     D:4: 20 daAuts
